 Dungeon Crawl Stone Soup version 0.24.0-123-gd5b16e6ec5 (webtiles) character file.

Game seed: 12975936216791352784, levelgen mode: deterministic

101 Elellon the Cudgeler (level 4, -7/28 HPs)
             Began as a Gargoyle Fighter on Jan 13, 2020.
             Mangled by a gnoll
             ... wielding a +0 halberd
              (9 damage)
             ... on level 3 of the Dungeon.
             The game lasted 00:02:33 (2278 turns).

Elellon the Cudgeler (Gargoyle Fighter)             Turns: 2278, Time: 00:02:34

Health: -7/28      AC: 10    Str: 21    XL:     4   Next: 75%
Magic:  4/4        EV:  7    Int:  8    God:
Gold:   93         SH:  9    Dex:  9    Spells: 3/3 levels left

rFire    . . .     SeeInvis .   a - +0 flail
rCold    . . .     Gourm    .   c - +0 shield
rNeg     + . .     Faith    .   b - +0 scale mail
rPois    ∞         Spirit   .   (no helmet)
rElec    +         Reflect  .   (no cloak)
rCorr    .         Harm     .   (no gloves)
MR       .....                  (no boots)
Stlth    ..........             (no amulet)
HPRegen  0.09/turn              (no ring)
MPRegen  0.09/turn              (no ring)

@: no status effects
A: negative energy resistance 1, electricity resistance, unbreathing,
petrification resistance, rot immunity, AC +3
a: no special abilities


You were on level 3 of the Dungeon.
You were not hungry.

You visited 1 branch of the dungeon, and saw 3 of its levels.

You collected 93 gold pieces.

Inventory:

Hand Weapons
 a - a +0 flail (weapon)
Armour
 b - a +0 scale mail (worn)
 c - a +0 shield (worn)
Scrolls
 e - a scroll of enchant weapon {unknown}
 g - a scroll of amnesia {unknown}
 h - 5 scrolls of remove curse {unknown}
 k - a scroll of immolation {unknown}
 l - 2 scrolls of teleportation {unknown}
 p - 2 scrolls of enchant armour {unknown}
Potions
 d - a potion of might
 i - a potion of curing {unknown}
 j - 2 potions of heal wounds {unknown}
 m - a potion of haste {unknown}
 n - a potion of mutation {unknown}
 o - a potion of flight {unknown}
Comestibles
 f - 4 rations
 q - 4 chunks of flesh


   Skills:
 - Level 3.2 Fighting
 + Level 4.8 Maces & Flails
 - Level 3.2 Armour
 - Level 3.2 Shields


You had 3 spell levels left.
You didn't know any spells.
Your spell library was empty.

Dungeon Overview and Level Annotations

Branches:
Dungeon (3/15)

Altars:


Innate Abilities, Weirdness & Mutations

You are resistant to torment.
Your stone body is resilient. (AC +3)
You are immune to poison.
You resist negative energy. (rN+)
You are resistant to electric shocks. (rElec)
You can survive without breathing.
You are immune to petrification.
You are immune to rotting.


Message History

The gnoll shouts!
You hear a shout!
You block the adder's attack.
You closely miss the adder. You block the adder's attack.
The adder barely misses you.
You miss the adder. The adder bites you.
You closely miss the adder. The adder barely misses you. The adder bites you.
The gnoll hits you from afar with a +0 halberd.
You barely miss the adder. The adder bites you. You block the gnoll's attack.
You block the adder's attack.
You miss the adder. The adder bites you but does no damage.
The gnoll hits you but does no damage.
You completely miss the adder. The adder bites you.
The gnoll hits you from afar with a +0 halberd!
The adder bites you but does no damage.
You closely miss the adder. The adder barely misses you.
The gnoll hits you from afar with a +0 halberd!
* * * LOW HITPOINT WARNING * * *
The adder closely misses you. You block the adder's attack.
The gnoll hits you with a +0 halberd!
You die...

#.....#.......#
#.##.# #.#...#####.#
#.##)#
#.##.######.###.##.#
#.##.##............#
#....##..##.###..###
###..........(# #..#
#....####..##.###..#
#.#...g............#
..
#.S@.....##.###).#
♣#
##.<###..........#
...># #..##.###.##
#..#.## #.........#
#..#.. .........(.#
... ### ######....(#
### #..#(##
#####..#.#
#......#.#


You could see a gnoll and an adder.

Vanquished Creatures
  Jessica (D:2)
  A gnoll (D:3)
  A worm (D:2)
  2 dart slugs (D:2)
  3 leopard geckos
  3 orcs (D:2)
  A ball python (D:1)
  5 giant cockroaches
  2 goblins
  3 hobgoblins
  3 jackals (D:1)
  A quokka (D:3)
  6 bats
  3 frilled lizards
  11 kobolds
  7 rats
53 creatures vanquished.

Notes
Turn   | Place    | Note
-------+----------+-------------------------------------------
     0 | D:1      | Elellon the Gargoyle Fighter began the quest for the Orb.
     0 | D:1      | Reached XP level 1. HP: 14/14 MP: 1/1
    74 | D:1      | Reached XP level 2. HP: 19/19 MP: 2/2
   182 | D:1      | Reached skill level 3 in Maces & Flails
   724 | D:1      | Reached XP level 3. HP: 23/23 MP: 3/3
  1385 | D:2      | Noticed Jessica
  1390 | D:2      | Killed Jessica
  1390 | D:2      | Reached skill level 4 in Maces & Flails
  1390 | D:2      | Reached XP level 4. HP: 28/28 MP: 4/4
  2278 | D:3      | Mangled by a gnoll

Levels and vault maps discovered:
D:1:      minmay_arrival_radiant_lines, layout_basic
D:2:      layout_loops_corners, uniq_jessica
D:3:      layout_loops_ring, lemuel_doored_altar, first_ration,
          minmay_tree_intersection

Skill      XL: |  1  2  3 |
---------------+----------+-----
Maces & Flails | 3 4 |  4.8
Fighting       | |  3.2
Armour         | |  3.2
Shields        | |  3.2

Action                   |  1- 3 |  4- 6 || total
-------------------------+-------+-------++-------
Melee: Flail             |   112 |    68 ||   180
  Eat: Chunk             |     1 |     4 ||     5
Armor: Scale mail        |    53 |    32 ||    85
Dodge: Dodged            |    34 |    29 ||    63
Block: Shield            |    72 |    40 ||   112
